 Dungeon Crawl Stone Soup version 0.29-a0-275-g389c0b56f3 (webtiles) character file.

Game seed: 9965920382363592920

147 PaleWalker the Poker (level 5, -4/42 HPs)
             Began as a Merfolk Gladiator on Mar 10, 2022.
             Was a Believer of Fedhas.
             Slain by a water moccasin (7 damage)
             ... in a sewer.
             The game lasted 00:03:21 (1438 turns).

PaleWalker the Poker (Merfolk Gladiator)            Turns: 1438, Time: 00:03:23

Health: -4/42      AC:  4    Str: 14    XL:     5   Next: 29%
Magic:  5/5        EV: 13    Int:  8    God:    Fedhas [**....]
Gold:   91         SH:  0    Dex: 17    Spells: 4/4 levels left

rFire   . . .      SeeInvis .   a - +0 trident
rCold   . . .      Faith    .   (no shield)
rNeg    . . .      Spirit   .   b - +0 leather armour
rPois   .          Reflect  .   c - +0 helmet
rElec   .          Harm     .   (no cloak)
rCorr   .          Rampage  .   (no gloves)
Will    .....                   (no boots)
Stlth   +.........              k - amulet of regeneration
HPRegen 0.94/turn               (no ring)
MPRegen 0.09/turn               (no ring)

@: lethally poisoned (-4 -> -10)
A: (nimble swimmer 2), mertail
a: Renounce Religion, Wall of Briars


You were in a sewer.
You worshipped Fedhas.
Fedhas was pleased with you.
You visited 1 branch of the dungeon, and saw 3 of its levels.
You also visited: Sewer.

You collected 91 gold pieces.

Inventory:

Hand Weapons
 a - a +0 trident (weapon)
Missiles
 d - 3 throwing nets (quivered)
 e - a javelin
Armour
 b - a +0 leather armour (worn)
 c - a +0 helmet (worn)
Jewellery
 j - an amulet of reflection
 k - an amulet of regeneration (around neck)
 n - a +6 ring of dexterity
Wands
 o - a wand of iceblast (14)
Scrolls
 h - 2 scrolls of fog {unknown}
 i - a scroll of identify {unknown}
 l - 2 scrolls of fear {unknown}
 m - a scroll of magic mapping {unknown}
 p - a scroll of brand weapon {unknown}
 q - a scroll of teleportation {unknown}
Potions
 f - a potion of berserk rage {unknown}
 g - 3 potions of curing {unknown}


   Skills:
 + Level 3.7 Fighting
 * Level 6.7 Polearms
 - Level 2.0 Throwing
 - Level 4.0 Dodging


You had 4 spell levels left.
You didn't know any spells.
Your spell library contained the following spells:

 Spells                   Type           Power      Damage    Failure   Level
 Animate Skeleton         Necr           0%         N/A       50%         1
 Apportation              Tloc           0%         N/A       50%         1
 Summon Small Mammal      Summ           0%         N/A       50%         1


Dungeon Overview and Level Annotations

Branches:
Dungeon (3/15)              Sewer (1/1)

Altars:
Fedhas
Ru
Zin


Innate Abilities, Weirdness & Mutations

((You are very nimble when in or above water. (Stealth+, EV+, Speed+++)))
Your lower body shifts to a powerful aquatic tail in water.


Message History

You feel sick. The water moccasin bites you. x2
You are more poisoned.
The water moccasin poisons you!
You barely miss the water moccasin.
The water moccasin is heavily wounded.
You feel very sick. The water moccasin misses you.
You hit the water moccasin.
The water moccasin is heavily wounded.
You feel very sick. The water moccasin barely misses you.
The water moccasin misses you.
You are too injured to fight recklessly!
You are too injured to fight recklessly!
You are too injured to fight recklessly!
You hit the water moccasin.
The water moccasin is severely wounded.
You feel very sick. The water moccasin bites you!
* * * LOW HITPOINT WARNING * * *
You closely miss the water moccasin.
The water moccasin is severely wounded.
You feel sick. The water moccasin misses you.
You miss the water moccasin.
The water moccasin is severely wounded.
You feel sick. The water moccasin bites you.
* * * LOW HITPOINT WARNING * * *
You are lethally poisoned!
The water moccasin poisons you! The water moccasin misses you.
You hit the water moccasin but do no damage.
The water moccasin is severely wounded.
* * * LOW HITPOINT WARNING * * *
You feel very sick. The water moccasin misses you.
You miss the water moccasin.
The water moccasin is severely wounded.
* * * LOW HITPOINT WARNING * * *
You feel very sick. The water moccasin bites you!
You die...
Fedhas appreciates your contribution to the ecosystem.

###### ### ##....≈.##
#)( ###.....≈....###
#$.##≈.... #.....##
###.≈.≈.# #.≈...
#..≈≈.≈## ##..≈.
#S@.≈.### ###...≈.
#$≈##....≈####...≈.##
#) ###.....≈..≈.### #
###....≈.### ########


You could see a water moccasin.

Vanquished Creatures
  A howler monkey (D:2)
  An orc priest (D:3)
  A worm (D:3)
  2 dart slugs
  5 orcs (D:3)
  6 bats
  An endoplasm (D:1)
  4 giant cockroaches
  4 hobgoblins
  13 jackals
  5 kobolds
  2 quokkas
  7 ball pythons
  3 goblins
  7 rats
62 creatures vanquished.

Notes
Turn   | Place    | Note
-------+----------+-------------------------------------------
     0 | D:1      | PaleWalker the Merfolk Gladiator began the quest for the
                  | Orb.
     0 | D:1      | Reached XP level 1. HP: 16/16 MP: 1/1
    72 | D:1      | Reached XP level 2. HP: 3/23 MP: 2/2
   527 | D:1      | Reached skill level 5 in Polearms
   611 | D:2      | Noticed a howler monkey
   615 | D:2      | Killed a howler monkey
   616 | D:2      | Reached XP level 3. HP: 29/29 MP: 3/3
   616 | D:2      | Reached XP level 4. HP: 35/35 MP: 4/4
   825 | D:2      | Reached skill level 6 in Polearms
   834 | D:2      | Found a sacrificial altar of Ru.
   840 | D:2      | Became a worshipper of Ru the Awakened
   843 | D:2      | Found a faded altar of an unknown god.
   874 | D:2      | Prayed at the altar of an unknown god.
   874 | D:2      | Fell from the grace of Ru
   874 | D:2      | Became a worshipper of Fedhas Madash
   874 | D:2      | Reached * piety under Fedhas
  1125 | D:3      | Reached XP level 5. HP: 28/42 MP: 5/5
  1146 | D:3      | Found a glowing silver altar of Zin.
  1333 | D:3      | Found a glowing drain.
  1347 | Sewer    | Entered a sewer
  1363 | Sewer    | Reached ** piety under Fedhas
  1421 | Sewer    | Noticed a water moccasin
  1438 | Sewer    | Slain by a water moccasin

Illustrated notes

Levels and vault maps discovered:
D:1:      eino_arrival_water_cross, layout_rooms, serial_glass, glass_columns_a,
          glass_columns_a
D:2:      layout_basic, hellmonk_ecumenical_altar_dog_temple, basic_altar
D:3:      layout_loops_ring, nicolae_overflow_crystal_walls,
          mainiacjoe_overflow_paths, nicolae_overflow_hidden_temple,
          portal_sewer_entry_e, kennysheep_generic_room_14
Sewer:    sewer_the_moccasin

Skill      XL: |  1  2  3  4 |
---------------+-------------+-----
Polearms       | 5 6 |  6.7
Fighting       | 3 |  3.7
Throwing       | |  2.0
Dodging        | |  4.0

Action                   |  1- 3 |  4- 6 || total
-------------------------+-------+-------++-------
Melee: Trident           |    39 |   169 ||   208
       Tailslap          |       |     3 ||     3
 Stab: Sleeping          |     1 |     2 ||     3
Armor: Leather armour    |     9 |    49 ||    58
Dodge: Dodged            |    16 |   136 ||   152

Table legend: (Time is in decaauts)
 A = Elapsed time spent in this place.
 B = Non-inter-level travel time spent in this place.
 C = Inter-level travel time spent in this place.
 D = Time resting spent in this place.
 E = Time spent auto-exploring this place.
 F = Levels seen in this place.
 G = Mean time per level.
                   A        B        C        D        E       F      G
               +--------+--------+--------+--------+--------+-----+--------+
         Total |   1433 |   1414 |     19 |      0 |   1000 |   4 |  358.2 |
       Dungeon |   1347 |   1328 |     19 |      0 |    953 |   3 |  449.0 |
         Sewer |     85 |     85 |      0 |      0 |     46 |   1 |   85.0 |
               +--------+--------+--------+--------+--------+-----+--------+

Top non-repeatable levels by time:
     D:1: 612 daAuts
     D:2: 394 daAuts
     D:3: 340 daAuts
   Sewer: 85 daAuts
